 Dungeon Crawl Stone Soup version 0.31.0-11-ge490571c62 (webtiles) character file.

Game seed: 3060467096749913290

42 Bravepunisher the Ducker (level 3, 20/20 HPs)
             Began as a Spriggan Monk on Jan 26, 2024.
             Quit the game in the Ecumenical Temple.
             The game lasted 00:02:25 (617 turns).

Bravepunisher the Ducker (Spriggan Monk)             Turns: 617, Time: 00:02:26

Health: 20/20      AC:  2    Str:  7    XL:     3   Next: 33%
Magic:  4/4        EV: 19    Int: 11    God:
Gold:   20         SH:  0    Dex: 19    Spells: 2/2 levels left

rFire   . . .        a - +0 short sword
rCold   . . .        (no shield)
rNeg    . . .        b - +0 robe
rPois   .            (helmet restricted)
rElec   .            (no cloak)
rCorr   .            (gloves unavailable)
SInv    +            (boots unavailable)
Will    .....        (no amulet)
Stlth   ++           (no ring)
HPRegen 0.23/turn    (no ring)
MPRegen 0.09/turn

%: no passive effects
@: very quick
A: very small, no large weapons, unfitting armour, see invisible, speed 3
a: no special abilities


You were in the Ecumenical Temple.
You visited 2 branches of the dungeon, and saw 5 of its levels.

You collected 20 gold pieces.

Inventory:

Hand Weapons
 a - a +0 short sword (weapon)
Armour
 b - a +0 robe (worn)
Scrolls
 e - a scroll of noise {unknown}
 f - a scroll of teleportation {unknown}
 g - a scroll of brand weapon {unknown}
 h - a scroll of immolation {unknown}
Potions
 c - a potion of ambrosia


   Skills:
 * Level 3.3 Fighting
 - Level 3.2 Short Blades
 + Level 4.7 Dodging


You had 2 spell levels left.
You didn't know any spells.
Your spell library was empty.

Dungeon Overview and Level Annotations

Branches:
Dungeon (4/15)             Temple (1/1) D:4

Altars:
Cheibriados
Dithmenos
Elyvilon
Hepliaklqana
Kikubaaqudgha
Okawaru
Qazlal
Trog
Uskayaw
Vehumet
Xom
Zin
The Shining One

Shops:
D:4 *

Annotations:
D:2 Terence


Innate Abilities, Weirdness & Mutations

You are very small and have problems with some larger weapons.
You are too small for most types of armour.
You have supernaturally acute eyesight. (SInv)
You cover ground extremely quickly. (Speed+++)


Message History

You closely miss the adder.
The adder is severely wounded.
The adder misses you.
You hit the adder.
You kill the adder!
Found an escape hatch in the ceiling.
You hit the ribbon worm. You punch the ribbon worm.
The ribbon worm is moderately wounded.
You hit the ribbon worm.
The ribbon worm is heavily wounded.
The ribbon worm misses you.
You hit the ribbon worm but do no damage.
The ribbon worm is moderately wounded.
The ribbon worm misses you.
You hit the ribbon worm.
The ribbon worm is severely wounded.
The ribbon worm expels a string of sticky webbing.
The stream of webbing misses you.
You hit the ribbon worm.
The ribbon worm is almost dead.
You hit the ribbon worm.
You kill the ribbon worm!
You see here 3 stones.
Found a stone staircase leading down.
You now have 20 gold pieces (gained 5).
There is a stone staircase leading down here.
You climb downwards.
Found a potion of heal wounds.
There is a stone staircase leading up here.
The gnoll shouts!
The adder hisses angrily.
A ball python comes into view.
The ball python moves out of view.
The ball python hisses angrily.
The gnoll shouts!
Found a red potion.
Found Urphoadi's Assorted Antiques.
Found a staircase to the Ecumenical Temple.
There is a staircase to the Ecumenical Temple here.
You climb downwards.
Welcome to the Ecumenical Temple!
Found a shadowy altar of Dithmenos.
Found a staircase back to the Dungeon.
There is a staircase back to the Dungeon here.
Are you sure you want to abandon this character and quit the game? (Confirm with "yes".)

≈≈≈≈≈≈≈≈≈≈≈≈≈≈≈≈≈≈≈≈≈≈≈≈≈≈≈≈≈≈≈≈≈
≈≈≈≈.........................≈≈≈≈
.................................
................8................
._............................._.
........_..............._........
.................................
.................................
...._...........@..........._....
.................................
.................................
........_..............._........
._............................._.
................_................
.................................
≈≈≈≈.........................≈≈≈≈
≈≈≈≈≈≈≈≈≈≈≈≈≈≈≈≈≈≈≈≈≈≈≈≈≈≈≈≈≈≈≈≈≈


There were no monsters in sight!

Vanquished Creatures
  2 adders (D:3)
  2 dart slugs (D:2)
  A ribbon worm (D:3)
  A bat (D:3)
  An endoplasm (D:2)
  2 giant cockroaches
  2 goblins (D:1)
  2 hobgoblins (D:3)
  A quokka (D:2)
  A kobold (D:1)
  3 rats
18 creatures vanquished.

Notes
Turn   | Place    | Note
-------+----------+-------------------------------------------
     0 | D:1      | Bravepunisher the Spriggan Monk began the quest for the
                  | Orb.
     0 | D:1      | Reached XP level 1. HP: 11/11 MP: 2/2
   316 | D:2      | Reached XP level 2. HP: 16/16 MP: 3/3
   385 | D:2      | Noticed Terence
   524 | D:3      | Reached XP level 3. HP: 17/20 MP: 4/4
   597 | D:4      | Found Urphoadi's Assorted Antiques.
   607 | D:4      | Found a staircase to the Ecumenical Temple.
   616 | Temple   | Entered the Ecumenical Temple
   617 | Temple   | Quit the game

Illustrated notes

Levels and vault maps discovered:
D:1:      minmay_arrival_pointy, layout_basic
D:2:      layout_basic, shapermc_ecumenical_altar_mp_ritualfount,
          kennysheep_big_empty_room, uniq_terence
D:3:      layout_basic, mainiacjoe_overflow_tiny_flanked
D:4:      layout_loops_ring, temple_hall, serial_shops, nicolae_shop_peninsula
Temple:   dshaligram_water_room_temple

Skill      XL: |  1  2 |
---------------+-------+-----
Fighting       | 3 |  3.3
Short Blades   | |  3.2
Dodging        | |  4.7

Action                     || total
---------------------------++-------
  Melee: Short sword       ||    90
         Punch             ||     2
    Use: Potion            ||     1
 Armour: Robe              ||    11
  Dodge: Dodged            ||    63
